 Dungeon Crawl Stone Soup version 0.31-a0-489-g282fc92437 (webtiles) character file.

Game seed: 2469654970809050953

705 Ethylacetat the Sneak (level 7, -2/75 HPs)
             Began as an Octopode Gladiator on Aug 8, 2023.
             Slain by an iguana (6 damage)
             ... on level 4 of the Dungeon.
             The game lasted 00:03:50 (3288 turns).

Ethylacetat the Sneak (Octopode Gladiator)          Turns: 3288, Time: 00:03:50

Health: -2/75      AC: 23    Str: 14    XL:     7   Next: 67%
Magic:  7/7        EV:  2    Int: 10    God:
Gold:   211        SH:  0    Dex: 15    Spells: 6/6 levels left

rFire   . . .        j - +3 dagger (venom)
rCold   . . .        (no shield)
rNeg    . . .        b - melded +0 hat
rPois   +            (no amulet)
rElec   .            e - ring of flight
rCorr   .            (no ring)
SInv    .            (no ring)
Will    .....        (no ring)
Stlth   +++          (no ring)
HPRegen 0.32/turn    (no ring)
MPRegen 0.10/turn    (no ring)
                     (no ring)

%: no passive effects
@: tree-form
A: stationary, stasis, torment immunity, boosted hp, almost no armour,
(amphibious), 8 rings, (camouflage 1), (gelatinous body 1), (nimble swimmer 1),
(tentacles)
a: no special abilities


You were on level 4 of the Dungeon.
You were a tree.
You visited 1 branch of the dungeon, and saw 5 of its levels.

You collected 211 gold pieces.

Inventory:

Hand Weapons
 a - a +0 rapier
 j - a +3 dagger of venom (weapon)
Missiles
 c - 3 throwing nets (quivered)
 d - a javelin
Armour
 b - a +0 hat (melded)
 i - a +0 kite shield
Jewellery
 e - a ring of flight (left branch)
Scrolls
 k - 2 scrolls of fog {unknown}
 l - 3 scrolls of identify {unknown}
 o - a scroll of teleportation {unknown}
 q - a scroll of brand weapon {unknown}
 r - a scroll of torment {unknown}
 s - a scroll of enchant armour {unknown}
Potions
 f - a potion of lignification
 g - a potion of enlightenment {unknown}
 h - 2 potions of resistance {unknown}
 m - 2 potions of curing {unknown}
 n - a potion of degeneration {unknown}
 p - 2 potions of magic {unknown}
 t - a potion of haste {unknown}


   Skills:
 + Level 5.1 Fighting
 + Level 4.8 Short Blades
 - Level 2.0 Throwing
 + Level 4.7 Dodging
 + Level 5.3 Stealth


You had 6 spell levels left.
You didn't know any spells.
Your spell library contained the following spells:

 Spells                   Type           Power      Damage    Failure   Level
 Freeze                   Ice            0%         1d3       36%         1
 Frozen Ramparts          Ice            0%         1d1       75%         3
 Hailstorm                Conj/Ice       0%         3d3       75%         3


Dungeon Overview and Level Annotations

Branches:
Dungeon (5/15)
 Temple: D:4-7

Altars:

Shops:
D:2 ([


Innate Abilities, Weirdness & Mutations

You are a tree.
Your roots penetrate the ground, keeping you stationary.
You cannot be teleported.
You are immune to unholy pain and torment.
Your maximum health is greatly increased.
You cannot wear most types of armour.
((You are amphibious.))
You can wear up to eight rings at the same time.
((Your skin changes colour to match your surroundings (Stealth+).))
((Your rubbery body absorbs attacks. (AC +1, EV +1)))
((You are camouflaged when in or above water. (Stealth+)))
((You have tentacles for arms and can constrict up to eight enemies at once.))


Message History

An orc priest is nearby!
An orc comes into view. It is wielding a +0 war axe.
The orc shouts!
An orc is nearby!
Found 13 gold pieces and 11 stones.
You hit the orc but do no damage.
The orc is poisoned.
Your grab misses the orc. The orc hits you with a +0 war axe!
You hit the orc. You grab the orc.
The orc is moderately wounded.
You constrict the orc, but do no damage.
You hit the orc.
You kill the orc!
No target in view!
No target in view!
No target in view!
An iguana is nearby!
The gnoll shouts!
The orc priest shouts!
The orc priest miscasts a cantrip.
The yak bellows!
The orc shouts!
You hit the iguana.
The iguana is poisoned.
You grab the iguana. You squeeze the iguana.
The iguana is heavily wounded.
You constrict the iguana. The iguana bites you.
The orc priest calls down the wrath of Beogh upon you.
Beogh smites you!
The gnoll shouts!
You release your grip on the iguana.
A hound comes into view.
The iguana bites you!
* * * LOW HITPOINT WARNING * * *
The iguana attacks as you move away! The iguana closely misses you.
There is a stone staircase leading up here.
The iguana bites you!
* * * LOW HITPOINT WARNING * * *
You fly upwards.
There is a stone staircase leading down here.
It was a potion of lignification.
You turn into a tree.
Your +0 hat melds into your body.
Your roots penetrate the ground.
The iguana bites you.
You die...

#.# #####
###.######...#
##..........#.###
......##........#
##.....#.###.##.#
##...##.# #.##.#
##.###.# #.##.## #.#
#.# #.....# #.# #.#
####.♣#
##'###.######l.#
##...##.........#
##.....#########.###
#.......####.......#
.........#.......#.#
.........+....<..#.#
.........#.#.....#†#
#.......##.#.#...#.#


You could see an iguana (very poisoned).

Vanquished Creatures
  Grinder (D:4)
  A wyvern (D:4)
  An ogre (D:5)
  A centaur (D:5)
  2 iguanas (D:4)
  A gnoll (D:5)
  5 adders
  A white imp (D:4)
  An ufetubus (D:5)
  2 worms
  A dart slug (D:2)
  3 orcs
  2 ball pythons (D:2)
  9 endoplasms
  2 giant cockroaches (D:2)
  8 goblins
  5 hobgoblins
  4 jackals (D:1)
  4 quokkas (D:2)
  3 bats (D:1)
  3 frilled lizards
  7 kobolds
  5 rats
72 creatures vanquished.

Notes
Turn   | Place    | Note
-------+----------+-------------------------------------------
     0 | D:1      | Ethylacetat the Octopode Gladiator began the quest for the
                  | Orb.
     0 | D:1      | Reached XP level 1. HP: 14/14 MP: 1/1
   120 | D:1      | Reached XP level 2. HP: 17/20 MP: 2/2
   482 | D:1      | Reached XP level 3. HP: 26/26 MP: 3/3
   801 | D:2      | Reached skill level 1 in Stealth
   995 | D:2      | Reached XP level 4. HP: 32/32 MP: 4/4
  1066 | D:2      | Found Loyrch's Weapon Shop.
  1209 | D:2      | Found Qasmyube's Antique Armour Boutique.
  1570 | D:3      | Noticed a golden eye
  1590 | D:3      | Noticed a floating eye
  1592 | D:3      | Found a faded altar of an unknown god.
  1593 | D:3      | Noticed a shining eye
  1593 | D:3      | Noticed a golden eye
  2170 | D:4      | Noticed Grinder
  2189 | D:4      | Killed Grinder
  2190 | D:4      | Reached XP level 5. HP: 27/38 MP: 5/5
  2190 | D:4      | Reached XP level 6. HP: 32/44 MP: 6/6
  2443 | D:4      | Noticed a wyvern
  2450 | D:4      | Killed a wyvern
  2451 | D:4      | Reached XP level 7. HP: 25/49 MP: 7/7
  3024 | D:5      | Entered Level 5 of the Dungeon
  3187 | D:5      | Reached skill level 5 in Fighting
  3187 | D:5      | Reached skill level 5 in Stealth
  3200 | D:5      | Noticed a steam dragon
  3200 | D:5      | Noticed a yak
  3286 | D:5      | HP: 2/50 [iguana (12)]
  3288 | D:4      | Slain by an iguana

Illustrated notes

Levels and vault maps discovered:
D:1:      roderic_dead_forest, layout_loops_ring,
          chequers_serial_rivers_large_a, minmay_misc_feat_chi
D:2:      layout_basic, serial_shops, shop, shop, hangedman_decor_opposing,
          serial_bayou_pond_b
D:3:      layout_loops_cross, hellmonk_ecumenical_altar_watching_god,
          hangedman_glass_teeth
D:4:      layout_loops_corners, uniq_grinder
D:5:      cheibrodos_fzero, layout_rooms, jmf_multi_god_temple2,
          kennysheep_mini, temple_hall, minmay_fractal_squares_5

Skill      XL: |  1  2  3  4  5  6  7 |
---------------+----------------------+-----
Fighting       | 3 4 5 |  5.1
Stealth        | 1 3 4 5 |  5.3
Short Blades   | 4 |  4.8
Dodging        | 4 |  4.7
Throwing       | |  2.0

Action                     |  1- 3 |  4- 6 |  7- 9 || total
---------------------------+-------+-------+-------++-------
  Melee: Rapier            |    31 |       |       ||    31
         Constrict         |    20 |    11 |    10 ||    41
         Tentacles         |    13 |    13 |     8 ||    34
         Dagger            |    33 |    50 |    41 ||   124
    Use: Potion            |       |       |     1 ||     1
   Stab: Sleeping          |     5 |     6 |     1 ||    12
         Distracted        |     1 |       |       ||     1
 Armour: Skin              |     5 |     3 |     3 ||    11
  Dodge: Dodged            |    32 |    19 |    34 ||    85

Table legend: (Time is in decaauts)
 A = Elapsed time spent in this place.
 B = Non-inter-level travel time spent in this place.
 C = Inter-level travel time spent in this place.
 D = Time resting spent in this place.
 E = Time spent auto-exploring this place.
 F = Levels seen in this place.
 G = Mean time per level.
                   A        B        C        D        E       F      G
               +--------+--------+--------+--------+--------+-----+--------+
         Total |   3265 |   3178 |     87 |      0 |   2704 |   5 |  653.0 |
       Dungeon |   3265 |   3178 |     87 |      0 |   2704 |   5 |  653.0 |
               +--------+--------+--------+--------+--------+-----+--------+

Top non-repeatable levels by time:
     D:4: 980 daAuts
     D:1: 756 daAuts
     D:2: 701 daAuts
     D:3: 598 daAuts
     D:5: 230 daAuts
